 Dungeon Crawl Stone Soup version 0.27-a0-720-g3f424a255b (webtiles) character file.

Game seed: 7600898489448278578

1634 Johnny the Slasher (level 8, -5/80 HPs)
             Began as a Troll Berserker on Mar 23, 2021.
             Was an Elder of Trog.
             Slain by an orc warrior
             ... wielding a +0 war axe
              (18 damage)
             ... on level 6 of the Dungeon.
             The game lasted 00:06:34 (4495 turns).

Johnny the Slasher (Troll Berserker)                Turns: 4495, Time: 00:06:35

Health: -5/80      AC:  4    Str: 28    XL:     8   Next: 66%
Magic:  7/7        EV: 11    Int:  3    God:    Trog [****..]
Gold:   200        SH:  0    Dex:  9    Spells: 7/7 levels left

rFire    . . .     SeeInvis .   h - +2 short sword (vamp)
rCold    . . .     Faith    .   (no shield)
rNeg     . . .     Spirit   .   b - +0 animal skin
rPois    .         Reflect  .   (helmet restricted)
rElec    .         Harm     .   (no cloak)
rCorr    .         Rampage  .   (gloves unavailable)
Will     ++...                  (boots unavailable)
Stlth    +.........             k - amulet of the acrobat
HPRegen  2.23/turn              (no ring)
MPRegen  0.10/turn              (no ring)

@: berserk cooldown, regenerating, slowed, very slow
A: large, unfitting armour, claws 3, regeneration 1, shaggy fur 1, tough skin 1
a: Renounce Religion, Berserk, Trog's Hand, Brothers in Arms


You were on level 6 of the Dungeon.
You worshipped Trog.
Trog was greatly pleased with you.
You visited 1 branch of the dungeon, and saw 6 of its levels.

You collected 200 gold pieces.

Inventory:

Hand Weapons
 a - a +0 falchion
 h - a +2 vampiric short sword (weapon)
 s - a +3 dagger of freezing
Armour
 b - a +0 animal skin (worn)
Jewellery
 f - a ring of ice
 k - an amulet of the acrobat (around neck)
 p - a ring of ice
Wands
 g - a wand of flame (19)
 l - a wand of random effects (11)
 r - a wand of digging (5)
Scrolls
 c - 2 scrolls of vulnerability
 d - a scroll of immolation {unknown}
 e - 3 scrolls of teleportation
 i - a scroll of enchant armour
 j - a scroll of enchant weapon {unknown}
 n - a scroll of noise {unknown}
Potions
 m - 2 potions of curing
 o - 2 potions of brilliance
 q - a potion of degeneration


   Skills:
 + Level 5.1 Fighting
 * Level 7.0 Long Blades
 + Level 5.2 Dodging


You had 7 spell levels left.
You didn't know any spells.
Your spell library contained the following spells:

 Spells                   Type           Power      Damage    Failure   Level
 Animate Skeleton         Necr           0%         N/A       52%         1
 Apportation              Tloc           0%         N/A       52%         1
 Corona                   Hex            0%         N/A       52%         1
 Magic Dart               Conj           0%         1d3       52%         1
 Summon Small Mammal      Summ           0%         N/A       52%         1
 Blink                    Tloc           N/A        N/A       67%         2
 Call Imp                 Summ           0%         N/A       67%         2
 Slow                     Hex            0%         N/A       67%         2
 Conjure Flame            Conj/Fire      0%         6-21      88%         3
 Mephitic Cloud           Conj/Pois/Air  0%         N/A       88%         3


Dungeon Overview and Level Annotations

Branches:
Dungeon (6/15)             Temple (0/1) D:4

Altars:
Ashenzari
Cheibriados
Dithmenos
Qazlal
Sif Muna
Trog
Vehumet
Xom
The Shining One


Innate Abilities, Weirdness & Mutations

You are too large for most types of armour.
You have claws for hands.
Your natural rate of healing is unusually fast.
You are covered in fur. (AC +1)
You have tough skin. (AC +1)


Message History

You hit the bullfrog zombie.
The bullfrog zombie is lightly damaged.
An orc wizard comes into view. It is wielding a +0 dagger.
The bullfrog zombie hits you.
An orc comes into view. It is wielding a +0 club.
You barely miss the bullfrog zombie.
The bullfrog zombie is lightly damaged.
The orc wizard shouts!
The orc shouts!
The bullfrog zombie barely misses you. The bullfrog zombie closely misses you.
The orc warrior hits you with a +0 war axe!
You barely miss the bullfrog zombie.
The bullfrog zombie is lightly damaged.
The bullfrog zombie hits you but does no damage.
The orc warrior barely misses you. The bullfrog zombie hits you.
You puncture the bullfrog zombie!
The bullfrog zombie is moderately damaged.
The orc wizard casts a spell at itself.
The orc wizard flickers and vanishes!
Deactivating autopickup; reactivate with Ctrl-A.
The bullfrog zombie closely misses you.
The orc warrior hits you with a +0 war axe!
You puncture the bullfrog zombie!
The bullfrog zombie is heavily damaged.
The bullfrog zombie hits you.
The orc warrior hits you with a +0 war axe!!
The bullfrog zombie completely misses you.
The orc warrior hits you with a +0 war axe!
* * * LOW HITPOINT WARNING * * *
You are too injured to fight recklessly!
You are too injured to fight recklessly!
Unknown command.
Okay, then.
The orc warrior hits you with a +0 war axe!!
* * * LOW HITPOINT WARNING * * *
Okay, then.
Okay, then.
Your skin crawls.
You feel strong-willed.
The orc warrior hits you with a +0 war axe!!
You die...

..##..### ..)#....####..####
......#..........).
................#.. ... ....###
....##.###........ #..##.......
....##..####.#..##.##..$........
..#.###<........# ....##........
###.######......####............
....(..#.......o@...#.##.......[.
......)..###.##.###..>...†..!....
.............##...###[##.........
.......####........)o....##......
.......#####.##..###.............
..).........)##..####.#).........
.......#####oo#........).........
.......# #o.#.#.###...).......:
.......# #...)#.. #.)..........


You could see an orc warrior.

Vanquished Creatures
  Menkaure (D:5)
  Duvessa (D:5)
  An orc warrior (D:6)
  3 ogres
  A centaur (D:6)
  Blork the orc (D:4)
  A bullfrog (D:6)
  Dowan (D:5)
  A howler monkey (D:6)
  2 bullfrog zombies (D:5)
  A hound (D:4)
  2 orc priests
  A jelly (D:5)
  Jessica (D:2)
  A bullfrog skeleton (D:4)
  Ijyb (D:5)
  4 worker ants
  4 orc wizards
  A hound skeleton (D:5)
  A howler monkey skeleton (D:5)
  7 adders
  3 white imps
  An ufetubus (D:5)
  An adder skeleton (D:5)
  9 worms
  A dart slug (D:5)
  24 orcs
  7 ball pythons
  A bat zombie (D:2)
  5 giant cockroaches
  14 goblins
  7 hobgoblins
  2 jackals
  10 kobolds
  7 oozes
  9 quokkas
  2 ball python skeletons (D:2)
  A ball python zombie (D:2)
  7 bats
  10 frilled lizards
  A quokka skeleton (D:4)
  11 rats
170 creatures vanquished.

Vanquished Creatures (collateral kills)
  An orc priest (D:6)
  2 orcs (D:6)
3 creatures vanquished.

Vanquished Creatures (others)
  A scorpion (D:6)
  2 orcs (D:6)
3 creatures vanquished.

Grand Total: 176 creatures vanquished

Notes
Turn   | Place    | Note
-------+----------+-------------------------------------------
     0 | D:1      | Johnny the Troll Berserker began the quest for the Orb.
     0 | D:1      | Reached XP level 1. HP: 22/22 MP: 0/0
    36 | D:1      | Reached XP level 2. HP: 29/29 MP: 1/1
   258 | D:1      | Reached ** piety under Trog
   341 | D:1      | Reached skill level 3 in Long Blades
   362 | D:1      | Reached XP level 3. HP: 36/36 MP: 2/2
   995 | D:2      | Found a broken altar of Ashenzari.
  1064 | D:2      | Reached XP level 4. HP: 38/44 MP: 3/3
  1082 | D:2      | Noticed Jessica
  1099 | D:2      | Killed Jessica
  1348 | D:2      | You fall into a shaft and drop 1 floor!
  1383 | D:2      | Found a snail-covered altar of Cheibriados.
  1488 | D:3      | Reached XP level 5. HP: 28/53 MP: 4/4
  1512 | D:3      | Reached skill level 4 in Long Blades
  1673 | D:3      | Reached *** piety under Trog
  1708 | D:3      | Found a stormy altar of Qazlal.
  2208 | D:3      | Reached XP level 6. HP: 61/61 MP: 5/5
  2703 | D:4      | HP: 2/61 [something (3)]
  2841 | D:4      | Found a shimmering altar of Xom.
  2883 | D:4      | Reached skill level 5 in Long Blades
  2934 | D:4      | Reached XP level 7. HP: 66/68 MP: 6/6
  3101 | D:4      | Found a staircase to the Ecumenical Temple.
  3225 | D:4      | Noticed Blork the orc
  3241 | D:4      | Killed Blork the orc
  3241 | D:4      | Reached **** piety under Trog
  3345 | D:5      | Entered Level 5 of the Dungeon
  3346 | D:5      | Found a shimmering blue altar of Sif Muna.
  3348 | D:5      | Found a radiant altar of Vehumet.
  3399 | D:5      | Noticed Menkaure
  3407 | D:5      | HP: 1/70 [Menkaure (12)]
  3423 | D:5      | Killed Menkaure
  3448 | D:5      | Found a bloodstained altar of Trog.
  3487 | D:5      | Found a shadowy altar of Dithmenos.
  3614 | D:5      | Noticed Duvessa
  3614 | D:5      | Noticed Dowan
  3615 | D:5      | Noticed Ijyb
  3633 | D:5      | Killed Ijyb
  3643 | D:5      | Killed Duvessa
  3644 | D:5      | Reached skill level 6 in Long Blades
  3644 | D:5      | Reached XP level 8. HP: 79/79 MP: 7/7
  3649 | D:5      | Killed Dowan
  4067 | D:6      | Found a glowing golden altar of the Shining One.
  4099 | D:6      | HP: 1/79 [centaur (3)]
  4397 | D:6      | Reached skill level 5 in Fighting
  4397 | D:6      | Reached skill level 5 in Dodging
  4463 | D:6      | Reached skill level 7 in Long Blades
  4495 | D:6      | Slain by an orc warrior

Illustrated notes

Levels and vault maps discovered:
D:1:      evilmike_arrival_hilbert_curve, layout_loops_ring,
          corexii_corridor_pit, minmay_octomino_e4
D:2:      minmay_chambers_of_ones, layout_rooms, general_overflow_altar,
          nicolae_overflow_crystal_walls, serial_undead, serial_undead_b,
          serial_undead_c, serial_undead_b, serial_undead_f, uniq_jessica
D:3:      layout_basic, nicolae_qazlal_eye_of_the_storm
D:4:      layout_cave_pools, xom_butterflies,
          minmay_temple_entry_enclosed_plants, kennysheep_donut,
          kennysheep_generic_room_7, uniq_blork_the_orc
D:5:      layout_cave_pools, lemuel_doored_altar, grunt_temple_overflow_open,
          uniq_menkaure, uniq_duvessa, uniq_ijyb
D:6:      layout_rooms, old_standard_altar, tso_metal_star, chequers_jeans,
          solitary_fountain, dk_rats_in_the_wall

Skill      XL: |  1  2  3  4  5  6  7  8 |
---------------+-------------------------+-----
Long Blades    | 3 4 5 6 7 |  7.0
Dodging        | 3 4 5 |  5.2
Fighting       | 3 4 5 |  5.1

Action                   |  1- 3 |  4- 6 |  7- 9 || total
-------------------------+-------+-------+-------++-------
Melee: Falchion          |   119 |       |       ||   119
       Short sword       |    18 |   244 |   234 ||   496
Invok: Berserk           |     2 |     5 |     7 ||    14
       Trog's Hand       |       |     6 |     5 ||    11
Evoke: Wand              |       |       |    10 ||    10
  Use: Potion            |       |     2 |     1 ||     3
       Scroll            |       |       |     5 ||     5
 Stab: Sleeping          |       |     2 |       ||     2
Armor: Animal skin       |    43 |    58 |    33 ||   134
Dodge: Dodged            |    75 |   140 |   177 ||   392
       Rpst.: Falchion   |    31 |       |       ||    31

Table legend: (Time is in decaauts)
 A = Elapsed time spent in this place.
 B = Non-inter-level travel time spent in this place.
 C = Inter-level travel time spent in this place.
 D = Time resting spent in this place.
 E = Time spent auto-exploring this place.
 F = Levels seen in this place.
 G = Mean time per level.
                   A        B        C        D        E       F      G
               +--------+--------+--------+--------+--------+-----+--------+
         Total |   4615 |   4454 |    161 |    272 |   2957 |   6 |  769.2 |
       Dungeon |   4615 |   4454 |    161 |    272 |   2957 |   6 |  769.2 |
               +--------+--------+--------+--------+--------+-----+--------+

Top non-repeatable levels by time:
     D:3: 1250 daAuts
     D:1: 812 daAuts
     D:5: 771 daAuts
     D:4: 722 daAuts
     D:2: 647 daAuts
     D:6: 411 daAuts
